 Dungeon Sprint DCSS version 0.31-a0-664-g902f515a81 (webtiles) character file.

Game seed: 16494354698641132464

1365 rocky1 the Martial Artist (level 8, -4/65 HPs)
             Began as a Djinni Shapeshifter on Sept 3, 2023.
             Was an Initiate of Gozag.
             Splashed by a jelly's acid (9 damage)
             ... in the Dungeon (Sprint VII: "The Pits").
             The game lasted 00:04:03 (941 turns).

rocky1 the Martial Artist (Djinni Shapeshifter)      Turns: 941, Time: 00:04:04

Health: -4/65      AC:  9    Str: 13    XL:     8   Next: 97%
Gold:   1359       EV:  9    Int: 14    God:    Gozag SH:  0 Dex: 13

rFire   + +          .
                       - Unarmed
rCold   x . .        (no shield)
rNeg    . . .        m - +3 chain mail
rPois   ∞            (helmet currently unavailable)
rElec   .            (cloak currently unavailable)
rCorr   .            (gloves currently unavailable)
SInv    .            (boots unavailable)
Will    .....        (no amulet) Stlth
                     (no ring)
HPRegen 0.30/turn    (no ring)
MPRegen 0.00/turn

%: no teleportation, infuse magic (-5 HP)
@: beast-form, corroded, gold aura, flying
A: beast (slay +4), flying, sickness immunity, fire resistance 2, cold
vulnerability 1, float, innate caster, HP casting, extra vitality 1
a: Begin Untransformation, Renounce Religion, Potion Petition, Call Merchant,
Bribe Branch


You were in the Dungeon.
You worshipped Gozag.
Gozag was most pleased with you.
You were a hulking beast.
You visited 1 branch You collected 1359 gold pieces.

Inventory:

Armour
 a - a +0 animal skin
 m - a +3 chain mail (worn)
Talismans
 c - a beast talisman (active)
 d - a flux talisman
Scrolls
 i - a scroll of blinking
 k - 2 scrolls of vulnerability
 l - a scroll of butterflies
Potions
 b - a potion of lignification
 e - 6 potions of curing
 f - 5 potions of heal wounds
 g - a potion of haste
 h - a potion of berserk rage
 j - 2 potions of invisibility


   Skills:
 + Level 8.0 Fighting
 + Level 5.9 Armour
 + Level 9.0 Dodging
 * Level 11.6 Unarmed Combat
 + Level 7.2 Shapeshifting


You knew the following spells:

 Your Spells              Type           Power      Damage    Failure   Level
a - Magic Dart            Conj           0%         1d3       99%         1
b - Scorch                Fire           0%         2d5       100%        2
c - Mephitic Cloud        Conj/Pois/Air  0%         N/A       100%        3
Your spell library was empty.


Dungeon Overview and Level Annotations

Branches:
Dungeon (1/1)

Altars:
Ashenzari
Cheibriados
Dithmenos
Elyvilon
Fedhas
Gozag
Hepliaklqana
Makhleb
Nemelex Xobeh
Okawaru
Qazlal
Ru
Trog
Uskayaw
Wu Jian
Xom
Yredelemnul
Zin
The Shining One
Jiyva
Lugonu


Innate Abilities, Weirdness & Mutations

You are a hulking beast.
Your limbs bulge with bestial killing power. (Slay +4)
You are flying.
You are immune to sickness and miasma.
You are immune to poison.
Your flesh is very heat resistant. (rF++)
You are vulnerable to cold. (rC-)
You float through the air rather than walking.
You learn spells naturally, not from books.
Your magical power is your life essence.
You have superior vitality. (+4 MHP)


Message History

You hit the ogre.
The ogre is almost dead.
The ogre barely misses you.
You barely miss the ogre.
The ogre is almost dead.
You barely miss the ogre.
The ogre is almost dead.
The ogre hits you with a +0 giant spiked club!!
* * * LOW HITPOINT WARNING * * *
You hit the ogre.
The ogre is almost dead.
You punch the ogre!
You kill the ogre!
You punch the black bear!
The black bear is heavily wounded.
The black bear bites you but does no damage.
The black bear closely misses you. The black bear barely misses you.
You hit the black bear.
The black bear is severely wounded.
The black bear bites you but does no damage.
The black bear claws you but does no damage.
The black bear closely misses you.
You hit the black bear. You punch the black bear!
You kill the black bear!
Your Fighting skill increases to level 8!
Your Dodging skill increases to level 9!
The jelly hits you.
* * * LOW HITPOINT WARNING * * *
You are splashed with acid!
* * * LOW HITPOINT WARNING * * *
Things that are here:
171 gold pieces; a +0 giant spiked club You punch the jelly!
Your hands burn!
* * * LOW HITPOINT WARNING * * *
The jelly is heavily wounded.
The jelly hits you.
* * * LOW HITPOINT WARNING * * *
The acid corrodes you!
You are splashed with acid!
You die...
Your body crumbles into a pile of gold.

#.#.).)....##.......#
#.#........##.......#
#.#####'#####...<...#
#.#...)))..##.......#
#.#...)))[.##.......#
#'###########.......#
#.......#.. #########
#..#.#).#J#
#.##.##.#h#
#.......#'#
#.##.##.#)+
#..#.#..#'#
#.......).#
###########


You could see a jelly.

Vanquished Creatures
  Pikel (D)
  A fire bat (D)
  2 floating eyes (D)
  A black bear (D)
  An ice beast (D)
  An ogre (D)
  3 centaurs (D)
  2 lemures (D)
  A phantom (D)
  A gnoll (D)
  An adder (D)
  2 orcs (D)
  A bat (D)
  2 giant cockroaches (D)
  A goblin (D)
  3 jackals (D)
24 creatures vanquished.

Notes
Turn   | Place    | Note
-------+----------+-------------------------------------------
     0 | D        | rocky1 the Djinni Shapeshifter began the quest for the Orb.
     0 | D        | Reached XP level 1. HP: 17/17 MP: 0/0
    22 | D        | Found a bloodstained altar of Trog.
    22 | D        | Found a viscous altar of Jiyva.
    22 | D        | Found a hazy altar of Hepliaklqana.
    22 | D        | Found an opulent altar of Gozag.
    26 | D        | Found a glowing golden altar of the Shining One.
    26 | D        | Found a glowing silver altar of Zin.
    26 | D        | Found a basalt altar of Yredelemnul.
    26 | D        | Found a shimmering altar of Xom.
    26 | D        | Found an ornate altar of the Wu Jian Council.
    26 | D        | Found a sacrificial altar of Ru.
    26 | D        | Found a stormy altar of Qazlal.
    26 | D        | Found an iron altar of Okawaru.
    26 | D        | Found a sparkling altar of Nemelex Xobeh.
    26 | D        | Found a burning altar of Makhleb.
    26 | D        | Found a blossoming altar of Fedhas.
    26 | D        | Found a white marble altar of Elyvilon.
    26 | D        | Found a shadowy altar of Dithmenos.
    26 | D        | Found a snail-covered altar of Cheibriados.
    53 | D        | Found a corrupted altar of Lugonu.
    54 | D        | Found a broken altar of Ashenzari.
    54 | D        | Found a hide-covered altar of Uskayaw.
    56 | D        | Became a worshipper of Gozag Ym Sagoz the Greedy
   177 | D        | Noticed a floating eye
   184 | D        | Killed a floating eye
   185 | D        | Reached skill level 6 in Unarmed Combat
   185 | D        | Reached XP level 2. HP: 26/26 MP: 0/0
   185 | D        | Reached XP level 3. HP: 31/31 MP: 0/0
   185 | D        | Learned a level 1 spell: Magic Dart
   185 | D        | Reached XP level 4. HP: 37/37 MP: 0/0
   185 | D        | Reached XP level 5. HP: 41/41 MP: 0/0
   185 | D        | Learned a level 2 spell: Scorch
   314 | D        | Noticed a centaur
   325 | D        | Reached skill level 5 in Dodging
   329 | D        | Killed a centaur
   330 | D        | Reached skill level 5 in Fighting
   330 | D        | Reached skill level 7 in Unarmed Combat
   330 | D        | Reached skill level 5 in Shapeshifting
   330 | D        | Reached XP level 6. HP: 13/49 MP: 0/0
   409 | D        | Noticed Pikel
   409 | D        | Noticed a fire bat
   409 | D        | Noticed an ice beast
   422 | D        | Killed a fire bat
   423 | D        | Reached skill level 8 in Unarmed Combat
   423 | D        | Noticed a floating eye
   425 | D        | Paralysed by a floating eye for 2 turns
   460 | D        | Killed Pikel
   461 | D        | Reached skill level 10 in Unarmed Combat
   461 | D        | Reached XP level 7. HP: 55/58 MP: 0/0
   461 | D        | Learned a level 3 spell: Mephitic Cloud
   461 | D        | Reached XP level 8. HP: 61/64 MP: 0/0
   461 | D        | Paralysed by a floating eye for 4 turns
   469 | D        | Reached skill level 5 in Armour
   707 | D        | Reached skill level 11 in Unarmed Combat
   941 | D        | Splashed by a jelly's acid

Illustrated notes

Levels and vault maps discovered:
D:        pitsprint [storerooms_1, entrance_room_1, metal_vault_4, armoury_3,
          mini_pit_1, grid_room_1, main_hall_1, silver_pit, the_coven_1,
          the_vestibule_1, steel_vault_4, golden_pit, hallway_of_sentries,
          crystal_vault_1, iron_vault_2, final_vault]

Skill      XL: |  1  2  3  4  5  6  7  8 |
---------------+-------------------------+-----
Fighting       | 3 5 7 8 |  8.0
Dodging        | 4 5 8 9 |  9.0
Unarmed Combat | 6 7 10 11 | 11.6
Shapeshifting  | 4 5 6 7 |  7.2
Armour         | 4 5 |  5.9

Action                     |  1- 3 |  4- 6 |  7- 9 || total
---------------------------+-------+-------+-------++-------
  Melee: Unarmed           |    17 |    57 |    32 ||   106
         Punch             |       |     3 |     4 ||     7
    Use: Potion            |       |     2 |     1 ||     3
 Armour: Animal skin       |       |    18 |       ||    18
         Chain mail        |       |    24 |    26 ||    50
  Dodge: Dodged            |     9 |    37 |    19 ||    65

Table legend: (Time is in decaauts)
 A = Elapsed time spent in this place.
 B = Non-inter-level travel time spent in this place.
 C = Inter-level travel time spent in this place.
 D = Time resting spent in this place.
 E = Time spent auto-exploring this place.
 F = Levels seen in this place.
 G = Mean time per level.
                   A        B        C        D        E       F      G
               +--------+--------+--------+--------+--------+-----+--------+
         Total |    943 |    929 |     14 |    616 |      0 |   1 |  943.0 |
       Dungeon |    943 |    929 |     14 |    616 |      0 |   1 |  943.0 |
               +--------+--------+--------+--------+--------+-----+--------+

Top non-repeatable levels by time:
       D: 943 daAuts
